 Dungeon Crawl Stone Soup version 0.23.0-3-gf3c87f2 (console) character file.

Game seed: 12314587928130425059

29 fly the Firebug (level 3, 0/31 HPs)
             Began as an Ogre Fire Elementalist on Feb 24, 2019.
             Slain by a worker ant (3 damage)
             ... on level 2 of the Dungeon.
             The game lasted 00:02:26 (1395 turns).

fly the Firebug (Ogre Fire Elementalist)            Turns: 1395, Time: 00:02:27

Health: 0/31       AC:  3    Str: 12    XL:     3   Next: 16%
Magic:  0/7        EV: 10    Int: 16    God:
Gold:   29         SH:  0    Dex: 10    Spells: 6/7 levels left

rFire    . . .     SeeInvis .   (no weapon)
rCold    . . .     Gourm    .   (no shield)
rNeg     . . .     Faith    .   y - +0 robe
rPois    .         Spirit   .   (helmet restricted)
rElec    .         Reflect  .   (no cloak)
rCorr    .         Harm     .   (gloves unavailable)
MR       .....                  (boots unavailable)
Stlth    ++........             (no amulet)
HPRegen  0.10/turn              (no ring)
MPRegen  0.10/turn              (no ring)

@: lethally poisoned (0 -> -7), very slightly contaminated
A: large, unfitting armour, tough skin 1
a: no special abilities


You were on level 2 of the Dungeon.
You were not hungry.

You visited 1 branch of the dungeon, and saw 2 of its levels.

You collected 29 gold pieces.

Inventory:

Armour
 y - a +0 robe (worn)
Scrolls
 b - 2 scrolls of remove curse {unknown}
 e - a scroll of blinking {unknown}
 f - a scroll of teleportation {unknown}
 i - 2 scrolls of identify {unknown}
Potions
 a - 2 potions of berserk rage {unknown}
 d - a potion of curing {unknown}
 g - a potion of might {unknown}
 j - a potion of brilliance {unknown}
Comestibles
 c - 3 rations
 h - a chunk of flesh


   Skills:
 + Level 2.1 Dodging
 - Level 1.4 Stealth
 + Level 2.8 Spellcasting
 * Level 1.8 Conjurations
 + Level 3.0 Fire Magic


You had 6 spell levels left.
You knew the following spells:

 Your Spells              Type           Power        Failure   Level  Hunger
z - Flame Tongue          Conj/Fire      #....        7%          1    #......

Your spell library contained the following spells:

 Spells                   Type           Power        Failure   Level  Hunger
 Throw Flame              Conj/Fire      #.....       11%         2    ##.....
 Conjure Flame            Conj/Fire      #.......     22%         3    ###....
 Inner Flame              Hex/Fire       #.......     30%         3    ###....
 Sticky Flame             Conj/Fire      #.......     56%         4    #####..
 Fireball                 Conj/Fire      #.........   89%         5    ######.


Dungeon Overview and Level Annotations

Branches:
Dungeon (2/15)

Altars:
Ru


Innate Abilities, Weirdness & Mutations

You are too large for most types of armour.
You have tough skin. (AC +1)


Message History

You are very lightly contaminated with residual magic.
Nothing appears to happen.
The worker ant waves its antennae.
The worker ant barely misses you.
Found a scroll labeled YSMOUGI RENERO.
You see here 9 gold pieces.
Casting: Flame Tongue (safe; 7% risk of failure)
Confirm with . or Enter, or press ? or * to list all spells.
Aiming: Flame Tongue (safe; 7% risk of failure)
Press: ? - help, Shift-Dir - straight line, f/p - worker ant
Aim: a worker ant (almost dead)
The flame tongue hits the worker ant.
The worker ant is almost dead.
The worker ant bites you.
* * * LOW HITPOINT WARNING * * *
You are lethally poisoned!
The worker ant poisons you!
* * * LOW HITPOINT WARNING * * *
You feel sick. The worker ant bites you.
You die...

)((..(..>.>...#.####
.(............#....##.#
..(...........##......#
.....(........##.#..###
.....(.......##..##..# .
.....##.....###.####.###..
###########.....##........
#....###........
#...<.@a?.......
#....###........
#....#..........
#......####...## #..######
#?.. #.# .. ... . ... ..


You could see a worker ant.

Vanquished Creatures
  A worm (D:2)
  A leopard gecko (D:1)
  2 goblins (D:1)
  6 hobgoblins
  6 kobolds
  A quokka (D:1)
  A ball python (D:1)
  3 bats
  2 frilled lizards (D:1)
  A rat (D:1)
24 creatures vanquished.

Vanquished Creatures (others)
  5 toadstools (D:1)
5 creatures vanquished.

Grand Total: 29 creatures vanquished

Notes
Turn   | Place    | Note
-------+----------+-------------------------------------------
     0 | D:1      | fly the Ogre Fire Elementalist began the quest for the Orb.
     0 | D:1      | Reached XP level 1. HP: 16/16 MP: 3/3
    11 | D:1      | Reached skill level 1 in Conjurations
   344 | D:1      | Reached XP level 2. HP: 24/24 MP: 2/5
  1152 | D:2      | Found a sacrificial altar of Ru.
  1214 | D:2      | Reached XP level 3. HP: 26/31 MP: 0/7
  1385 | D:2      | Reached skill level 3 in Fire Magic
  1395 | D:2      | Slain by a worker ant

Skill      XL: |  1  2  3 |
---------------+----------+-----
Conjurations   | 1 |  1.8
Dodging        | 2 |  2.1
Fire Magic     | 3 |  3.0
Stealth        | |  1.4
Spellcasting   | |  2.8

Action                   || total
-------------------------++-------
Melee: Unarmed           ||     1
 Cast: Flame Tongue      ||    57
  Eat: Chunk             ||     2
Armor: Robe              ||     6
Dodge: Dodged            ||    27
